 Dungeon Sprint DCSS version 0.31-a0-595-g4209ae197b (webtiles) character file.

Game seed: 15945361288064000551

23268 Conn the Eclecticist (level 13, -2/112 HPs)
             Began as an Octopode Fire Elementalist on Aug 20, 2023.
             Was a High Priest of Sif Muna.
             Slain by a fire giant
             ... wielding a +2 great sword of flaming
              (14 damage)
             ... in the Dungeon (Sprint I: "Red Sonja").
             The game lasted 00:49:05 (4428 turns).

Conn the Eclecticist (Octopode Fire Elementalist)   Turns: 4428, Time: 00:49:05

Health: -2/112     AC: 26    Str:  7    XL:     13   Next: 5%
Magic:  35/35      EV:  2    Int: 21    God:    Sif Muna [*****.]
Gold:   360        SH:  0    Dex: 14    Spells: 2/49 levels left

rFire   + + +        t - +7 great mace "Firestarter" {flame, immolate, rFlCloud rF++}
rCold   . . .        (shield currently unavailable)
rNeg    . . .        (helmet currently unavailable)
rPois   +            n - amulet of the acrobat
rElec   .            k - ring of the Mage {Wiz Archmagi}
rCorr   .            l - ring "Wooxzol" {rPois rF+}
SInv    .            (no ring)
Will    .....        (no ring)
Stlth   +++          (no ring)
HPRegen 0.38/turn    (no ring)
MPRegen 0.24/turn    (no ring)
                     (no ring)

%: no teleportation, random rage (3%), acrobat, wizardry (x1), archmagi
@: tree-form, channelling
A: stationary, stasis, torment immunity, boosted hp, almost no armour,
(amphibious), 8 rings, (camouflage 1), (gelatinous body 1), (nimble swimmer 1),
(tentacles), berserk 1, mutation resistance 1, no potion heal 1
a: Renounce Religion, Channel Magic, Forget Spell, Divine Exegesis


You were in the Dungeon.
You worshipped Sif Muna.
Sif Muna was extremely pleased with you.
You were a tree.
You visited 1 branch You collected 3404 gold pieces.
You spent 3044 gold pieces at shops.

Inventory:

Hand Weapons
 c - the +5 whip of the Lettuce {pain, rElec Stlth+}
   (You found it in the Dungeon)

   rElec:     It insulates you from electricity.
   Stlth+:    It makes you more stealthy.
 e - a +0 dagger
 h - a +3 dagger of distortion
 t - the +7 great mace "Firestarter" (weapon) {flame, immolate, rFlCloud rF++}
   (You bought it in a shop in the Dungeon)

   rFlCloud:  It grants immunity to clouds of flame.
   rF++:      It greatly protects you from fire.
Armour
 o - a +2 buckler
Magical Staves
 q - a staff of conjuration
Jewellery
 k - the ring of the Mage (left branch) {Wiz Archmagi}
   (You bought it in a shop in the Dungeon)

   [ring of wizardry]

   Wiz:       It improves your spell success rate.
   Archmagi:  It increases the power of your magical spells.
 l - the ring "Wooxzol" (right branch) {rPois rF+}
   (You bought it in a shop in the Dungeon)

   [ring of protection from fire]

   rF+:       It protects you from fire.
   rPois:     It protects you from poison
 n - an amulet of the acrobat (around neck)
Scrolls
 f - 2 scrolls of blinking
 s - a scroll of fear
 u - a scroll of identify
Potions
 a - 3 potions of magic
 b - 2 potions of curing
 d - a potion of resistance
 g - 2 potions of lignification
 r - a potion of haste
 v - a potion of enlightenment
Miscellaneous
 j - a lightning rod (4/4)
 p - a phantom mirror


   Skills:
 + Level 2.2 Fighting
 + Level 1.3 Short Blades
 + Level 2.3 Throwing
 + Level 5.4 Dodging
 - Level 5.1 Stealth
 + Level 10.3 Shields
 + Level 18.8 Spellcasting
 + Level 13.1 Conjurations
 + Level 6.0 Hexes
 + Level 2.1 Summonings
 + Level 15.8 Fire Magic
 - Level 7.1 Ice Magic
 + Level 1.5 Air Magic
 - Level 4.0 Earth Magic
 * Level 8.5 Invocations


You had 2 spell levels left.
You knew the following spells:

 Your Spells              Type           Power      Damage    Failure   Level
a - Foxfire               Conj/Fire      100%       2x1d9     0%          1
b - Scorch                Fire           100%       2d9       0%          2
c - Inner Flame           Hex/Fire       78%        N/A       1%          3
d - Mephitic Cloud        Conj/Pois/Air  57%        N/A       1%          3
e - Irradiate             Conj/Tmut      31%        3d22      1%          5
f - Arcjolt               Conj/Air       33%        1d43      1%          5
g - Starburst             Conj/Fire      44%        6d12      1%          6
h - Summon Guardian Gole  Hex/Summ       53%        N/A       1%          3
i - Leda's Unmaking       Conj/Erth      35%        9d6       4%          6
j - Ozocubu's Armour      Ice            66%        N/A       1%          3
k - Metabolic Englaciati  Hex/Ice        31%        N/A       1%          5
l - Summon Small Mammal   Summ           100%       N/A       1%          1
m - Iskenderun's Mystic   Conj/Tloc      63%        2d13      1%          4

Your spell library contained the following spells:

 Spells                   Type           Power      Damage    Failure   Level
 Freeze                   Ice            100%       1d10      1%          1
 Shock                    Conj/Air       100%       1d9       1%          1
 Cigotuvi's Dreadful Rot  Necr/Pois/Air  64%        N/A       1%          2
 Poisonous Vapours        Pois/Air       68%        N/A       1%          2
 Static Discharge         Conj/Air       100%       2-7/arc   1%          2
 Call Canine Familiar     Summ           43%        N/A       1%          3
 Confusing Touch          Hex            61%        N/A       1%          3
 Swiftness                Air            39%        N/A       1%          3
 Volatile Blastmotes      Fire/Tloc      100%       2d18      1%          3
 Flame Wave               Conj/Fire      88%        2d19      1%          4
 Fulminant Prism          Conj/Hex       37%        3d17      1%          4
 Leda's Liquefaction      Hex/Erth       28%        N/A       1%          4
 Sticky Flame             Conj/Fire      88%        2d10      1%          4
 Fireball                 Conj/Fire      44%        3d18      1%          5
 Freezing Cloud           Conj/Ice/Air   33%        6-21      1%          5
 Iskenderun's Battlesphe  Conj           85%        2d13      1%          5
 Anguish                  Hex/Necr       24%        N/A       3%          4
 Airstrike                Air            19%        2d(3-19)  6%          4
 Lee's Rapid Deconstruct  Erth           26%        3d14*     6%          5
 Silence                  Hex/Air        26%        N/A       6%          5
 Yara's Violent Unravell  Hex/Tmut       24%        3d11      9%          5
 Conjure Ball Lightning   Conj/Air       33%        3x3d11    9%          6
 Animate Dead             Necr           29%        N/A       11%         4
 Dispel Undead            Necr           29%        3d13      11%         4
 Summon Forest            Summ/Tloc      18%        N/A       19%         5
 Simulacrum               Ice/Necr       25%        N/A       34%         6
 Ozocubu's Refrigeration  Ice            33%        4d14      41%         7
 Enfeeble                 Hex            30%        N/A       56%         7
 Death Channel            Necr           14%        N/A       82%         6
 Lehudib's Crystal Spear  Conj/Erth      35%        10d9      87%         8
 Fire Storm               Conj/Fire      44%        8d11      93%         9
 Summon Hydra             Summ           21%        N/A       97%         7
 Haunt                    Necr/Summ      18%        N/A       99%         7
 Discord                  Hex            30%        N/A       99%         8


Dungeon Overview and Level Annotations

Branches:
Dungeon (1/1)

Altars:
Cheibriados
Dithmenos
Elyvilon
Fedhas
Gozag
Hepliaklqana
Kikubaaqudgha
Makhleb
Nemelex Xobeh
Okawaru
Qazlal
Ru
Sif Muna
Trog
Uskayaw
Vehumet
Wu Jian
Xom
Yredelemnul
Zin
The Shining One
Jiyva
Lugonu

Shops:
D =[[[[:[*!(!*??((*:[[[

Annotations:
D Lom Lobon


Innate Abilities, Weirdness & Mutations

You are a tree.
Your roots penetrate the ground, keeping you stationary.
You cannot be teleported.
You are immune to unholy pain and torment.
Your maximum health is greatly increased.
You cannot wear most types of armour.
((You are amphibious.))
You can wear up to eight rings at the same time.
((Your skin changes colour to match your surroundings (Stealth+).))
((Your rubbery body absorbs attacks. (AC +1, EV +1)))
((You are camouflaged when in or above water. (Stealth+)))
((You have tentacles for arms and can constrict up to eight enemies at once.))
You sometimes lose your temper in combat.
You are somewhat resistant to further mutation.
Potions are less effective at restoring your health.


Message History

The fire giant is lightly wounded.
The fire giant is engulfed in noxious fumes.
The fire giant gestures at you while chanting.
The fireball explodes!
The fireball engulfs you! You resist.
* * * LOW HITPOINT WARNING * * *
The fireball engulfs the fire giant.
The fire giant resists.
The fire giant is engulfed in noxious fumes.
The fire giant appears confused.
The fire giant hits itself with a +1 great sword of flaming!!
Unknown command.
Unknown command.
You are confused.
Your system partially rejects the healing.
You feel invigorated.
The fire giant is engulfed in noxious fumes.
The fire giant hits you with a +2 great sword of flaming!
* * * LOW HITPOINT WARNING * * *
The fire giant is engulfed in noxious fumes.
You're too confused to cast spells.
Unknown command.
Unknown command.
Unknown command.
Unknown command.
Unknown command.
Unknown command.
Unknown command.
Unknown command.
Unknown command.
Okay, then.
Unknown command.
Okay, then.
Unknown command.
Unknown command.
You are too confused!
Okay, then.
Your system partially rejects the healing.
You feel better.
You feel less invigorated.
The fire giant is engulfed in noxious fumes.
The fire giant hits you with a +2 great sword of flaming!
You die...

#.°...#
#..###.#..≈###+##
#..°..+
##.#)#.#..≈)[#
###...#
#..###.#..≈.##
..#○..#
#.##...#..≈##
#.#°○##
#..#'###..≈#
#.#..#
##...#.≈..##
#§##'# ###.#.≈..#
#§##.# #.###..#
§.#### #♣# +..#
#§# ####C# ##'##
#.# ###..☼C#
#~~~## §§#
#...#### #~~~~##
# ### ....C(C.###
#~~~~~########
....#####
####~~~~#~~~~~#○
.C
#..#'~~~'~~.~~+°
#...##~~#~~~~~#○
.
#....######'####


You could see 2 fire giants.

Vanquished Creatures
  the Lernaean hydra (D)
  A deep elf master archer (D)
  A daeva (D)
  A deep elf annihilator (D)
  A mummy priest (D)
  A hydra (D)
  2 centaur warriors (D)
  4 demonic crawlers (D)
  Sonja (D)
  A deep troll (D)
  A lindwurm (D)
  8 shining eyes (D)
  2 oklob plants (D)
  2 merfolk sirens (D)
  A gargoyle (D)
  2 kobold demonologists (D)
  7 unseen horrors (D)
  A hellwing (D)
  4 hornets (D)
  Sigmund (D)
  A slime creature (D)
  A yak (D)
  13 hogs (D)
  2 redbacks (D)
  7 floating eyes (D)
  An ogre (D)
  7 necrophages (D)
  8 jellies (D)
  Ijyb (D)
  2 ballistomycete spores (D)
86 creatures vanquished.

Vanquished Creatures (others)
  A gargoyle (D)
  A hornet (D)
  106 foxfires (D)
  11 fulminant prisms (D)
119 creatures vanquished.

Grand Total: 205 creatures vanquished

Notes
Turn   | Place    | Note
-------+----------+-------------------------------------------
     0 | D        | Conn the Octopode Fire Elementalist began the quest for the
                  | Orb.
     0 | D        | Reached XP level 1. HP: 11/11 MP: 3/3
     1 | D        | Noticed Ijyb
    13 | D        | Killed Ijyb
    14 | D        | Reached skill level 3 in Spellcasting
    14 | D        | Reached XP level 2. HP: 17/17 MP: 4/6
    14 | D        | Reached XP level 3. HP: 21/21 MP: 4/7
    42 | D        | Learned a level 2 spell: Scorch
    49 | D        | Noticed an ogre
    54 | D        | Killed an ogre
    55 | D        | Reached skill level 5 in Spellcasting
    55 | D        | Reached XP level 4. HP: 27/27 MP: 1/11
   141 | D        | Learned a level 3 spell: Inner Flame
   146 | D        | Learned a level 4 spell: Flame Wave
   146 | D        | Noticed Sigmund
   150 | D        | Killed Sigmund
   151 | D        | Reached skill level 5 in Stealth
   151 | D        | Reached skill level 6 in Spellcasting
   151 | D        | Reached skill level 5 in Conjurations
   151 | D        | Reached XP level 5. HP: 31/31 MP: 5/14
   151 | D        | Reached XP level 6. HP: 36/36 MP: 5/15
   236 | D        | Found an ornate altar of the Wu Jian Council.
   236 | D        | Found a shimmering blue altar of Sif Muna.
   238 | D        | Found a radiant altar of Vehumet.
   242 | D        | Became a worshipper of Sif Muna the Loreminder
   245 | D        | Reached skill level 7 in Spellcasting
   341 | D        | Found Aviunaw's Armour Emporium.
   341 | D        | Found an ancient bone altar of Kikubaaqudgha.
   341 | D        | Found a hazy altar of Hepliaklqana.
   341 | D        | Found a stormy altar of Qazlal.
   341 | D        | Found a hide-covered altar of Uskayaw.
   341 | D        | Found a blossoming altar of Fedhas.
   341 | D        | Found a bloodstained altar of Trog.
   341 | D        | Found an iron altar of Okawaru.
   341 | D        | Found a basalt altar of Yredelemnul.
   341 | D        | Found a glowing golden altar of the Shining One.
   341 | D        | Found a snail-covered altar of Cheibriados.
   341 | D        | Found a sacrificial altar of Ru.
   341 | D        | Found a glowing silver altar of Zin.
   341 | D        | Found a shadowy altar of Dithmenos.
   341 | D        | Found a white marble altar of Elyvilon.
   341 | D        | Noticed a yak
   348 | D        | Killed a yak
   349 | D        | Reached skill level 8 in Spellcasting
   349 | D        | Reached XP level 7. HP: 26/41 MP: 8/18
   351 | D        | Found an opulent altar of Gozag.
   352 | D        | Found a sparkling altar of Nemelex Xobeh.
   411 | D        | Noticed Sonja
   413 | D        | Killed Sonja
   413 | D        | Reached * piety under Sif Muna
   414 | D        | Reached skill level 10 in Spellcasting
   414 | D        | Reached skill level 10 in Fire Magic
   414 | D        | Reached XP level 8. HP: 46/46 MP: 9/22
   491 | D        | Found a burning altar of Makhleb.
   491 | D        | Found a viscous altar of Jiyva.
   491 | D        | Found a shimmering altar of Xom.
   491 | D        | Found a corrupted altar of Lugonu.
   491 | D        | Noticed a slime creature
   498 | D        | Killed a slime creature
   499 | D        | Reached skill level 11 in Spellcasting
   582 | D        | Found Aghib's Jewellery Boutique.
   644 | D        | Bought the ring of the Mage {Wiz Archmagi} for 561 gold
                  | pieces
   644 | D        | Found the ring of the Mage {Wiz Archmagi}
   657 | D        | Noticed a deep troll
   666 | D        | Killed a deep troll
   667 | D        | Reached skill level 5 in Dodging
   667 | D        | Reached skill level 12 in Spellcasting
   667 | D        | Reached XP level 9. HP: 51/51 MP: 15/25
   680 | D        | Found Sixo's Armour Emporium.
   712 | D        | Bought a +0 buckler for 63 gold pieces
   837 | D        | Noticed a shining eye
   837 | D        | Noticed a shining eye
   837 | D        | Noticed a shining eye
   842 | D        | Paralysed by a floating eye for 4 turns
   851 | D        | Paralysed by a floating eye for 4 turns
   858 | D        | Noticed a shining eye
   858 | D        | Paralysed by a floating eye for 2 turns
   861 | D        | Killed a shining eye
   861 | D        | Reached ** piety under Sif Muna
   862 | D        | Reached skill level 1 in Throwing
   862 | D        | Reached skill level 13 in Spellcasting
   862 | D        | Reached skill level 1 in Hexes
   862 | D        | Killed a shining eye
   862 | D        | Gained mutation: You possess an exceptional clarity of
                  | mind. [a shining eye]
   864 | D        | Noticed a shining eye
   864 | D        | Killed a shining eye
   864 | D        | Reached *** piety under Sif Muna
   865 | D        | Reached skill level 14 in Spellcasting
   867 | D        | Killed a shining eye
   868 | D        | Reached XP level 10. HP: 56/56 MP: 7/28
   873 | D        | Paralysed by a floating eye for 2 turns
   878 | D        | Noticed a shining eye
   879 | D        | Paralysed by a floating eye for 4 turns
   886 | D        | Paralysed by a floating eye for 2 turns
   895 | D        | Paralysed by a floating eye for 2 turns
   903 | D        | Paralysed by a floating eye for 3 turns
   910 | D        | Noticed a shining eye
   911 | D        | Paralysed by a floating eye for 3 turns
   918 | D        | Paralysed by a floating eye for 3 turns
   931 | D        | Paralysed by a floating eye for 4 turns
   941 | D        | Paralysed by a floating eye for 4 turns
   947 | D        | Paralysed by a floating eye for 2 turns
   953 | D        | Paralysed by a floating eye for 3 turns
   958 | D        | Paralysed by a floating eye for 3 turns
   967 | D        | Paralysed by a floating eye for 2 turns
   971 | D        | Paralysed by a floating eye for 3 turns
   971 | D        | Killed a shining eye
   973 | D        | Killed a shining eye
   973 | D        | Reached **** piety under Sif Muna
   974 | D        | Reached skill level 5 in Shields
   974 | D        | Reached skill level 15 in Spellcasting
  1086 | D        | Noticed a kobold demonologist
  1087 | D        | Noticed a kobold demonologist
  1090 | D        | Noticed a soul eater
  1093 | D        | Killed a kobold demonologist
  1093 | D        | Killed a kobold demonologist
  1234 | D        | Gained mutation: You are frail. (-10% HP) [a shining eye]
  1244 | D        | Gained mutation: You occasionally lose the ability to read
                  | scrolls when taking damage. [a shining eye]
  1245 | D        | Killed a shining eye
  1245 | D        | Reached ***** piety under Sif Muna
  1245 | D        | Received a gift from Sif Muna
  1246 | D        | Got Nosterao's Parchment of Corpses and the Discharge {god
                  | gift}
  1258 | D        | Noticed a shining eye
  1268 | D        | Killed a shining eye
  1270 | D        | Found Biniuhask's Antique Armour Shoppe.
  1270 | D        | Found Kofock's Book Boutique.
  1270 | D        | Found Qevil's Antique Armour Emporium.
  1271 | D        | Found Pocenguz's Antique Armour Shop.
  1377 | D        | Noticed a centaur warrior
  1389 | D        | Killed a centaur warrior
  1389 | D        | Noticed a centaur warrior
  1390 | D        | Reached skill level 16 in Spellcasting
  1394 | D        | Killed a centaur warrior
  1395 | D        | Reached skill level 10 in Conjurations
  1395 | D        | Reached XP level 11. HP: 23/55 MP: 15/31
  1542 | D        | Noticed an oklob plant
  1550 | D        | Killed an oklob plant
  1622 | D        | Learned a level 4 spell: Fulminant Prism
  1628 | D        | Learned a level 5 spell: Arcjolt
  1707 | D        | Reached skill level 1 in Invocations
  1846 | D        | Received a gift from Sif Muna
  1852 | D        | Received a gift from Sif Muna
  1853 | D        | Reached skill level 17 in Spellcasting
  1854 | D        | Reached skill level 1 in Fighting
  1859 | D        | Got Sif Muna's Secrets of Entrancing Heat {god gift}
  1862 | D        | Found Noggesouno's Book Boutique.
  1862 | D        | Found Mepawkye's Assorted Antiques.
  1863 | D        | Found Ytusmeow's Distillery.
  1863 | D        | Found Wollygh's Antique Armour Emporium.
  1864 | D        | Found Qaxarhya's Antique Armour Emporium.
  1873 | D        | Identified the +6 chain mail of Mattakatt {Int+3 Stlth+}
  1878 | D        | Found Ixteamev's Armour Shop.
  1880 | D        | Found Quto's Weapon Emporium.
  1880 | D        | Found Niunk's Distillery.
  1880 | D        | Found Yppirph's General Store.
  1880 | D        | Found Ihangow's Magic Scroll Boutique.
  1880 | D        | Found Owiskos's Magic Scroll Emporium.
  1880 | D        | Found Ceuc's Antique Weapon Shop.
  1880 | D        | Found Tidghugav's Weapon Shoppe.
  1883 | D        | Bought a smoking copper ring for 135 gold pieces
  1883 | D        | Identified the ring "Wooxzol" {rPois rF+} (You bought it in
                  | a shop in the Dungeon)
  1885 | D        | Found Muagucaq's Assorted Antiques.
  1887 | D        | Bought a potion of lignification for 33 gold pieces
  1893 | D        | Bought a dented garnet amulet for 125 gold pieces
  1902 | D        | Bought a book of Callings for 200 gold pieces
  1915 | D        | Learned a level 6 spell: Starburst
  1919 | D        | Learned a level 3 spell: Summon Guardian Golem
  1926 | D        | Learned a level 6 spell: Leda's Unmaking
  1957 | D        | Received a gift from Sif Muna
  1960 | D        | Got Osaklihe's Information on Algor and Sidekicks {god
                  | gift}
  1965 | D        | Learned a level 3 spell: Ozocubu's Armour
  1971 | D        | Learned a level 5 spell: Metabolic Englaciation
  2009 | D        | Learned a level 1 spell: Summon Small Mammal
  2013 | D        | Noticed a demonic crawler
  2013 | D        | Noticed a demonic crawler
  2013 | D        | Noticed a demonic crawler
  2013 | D        | Noticed a demonic crawler
  2017 | D        | Killed a demonic crawler
  2018 | D        | Reached skill level 1 in Ice Magic
  2018 | D        | Reached skill level 1 in Earth Magic
  2023 | D        | Killed a demonic crawler
  2023 | D        | Killed a demonic crawler
  2023 | D        | Reached ****** piety under Sif Muna
  2024 | D        | Reached skill level 1 in Summonings
  2028 | D        | Killed a demonic crawler
  2215 | D        | Noticed a lindwurm
  2218 | D        | Killed a lindwurm
  2227 | D        | Received a gift from Sif Muna
  2228 | D        | Reached skill level 1 in Air Magic
  2230 | D        | Reached skill level 5 in Invocations
  2234 | D        | Received a gift from Sif Muna
  2235 | D        | Reached XP level 12. HP: 27/63 MP: 0/33
  2382 | D        | Got Sif Muna's Treatise on the Wyrd and Glaciation {god
                  | gift}
  2388 | D        | Reached skill level 1 in Short Blades
  2390 | D        | Got Wyret's Spellbook of Hadjma {god gift}
  2463 | D        | Noticed a 12-headed hydra
  2468 | D        | Killed a 12-headed hydra
  2596 | D        | Received a gift from Sif Muna
  2597 | D        | Reached skill level 15 in Fire Magic
  2598 | D        | Reached skill level 18 in Spellcasting
  2598 | D        | Reached skill level 5 in Ice Magic
  2615 | D        | Noticed a deep elf annihilator
  2758 | D        | Killed a deep elf annihilator
  2759 | D        | Reached skill level 5 in Hexes
  2762 | D        | Noticed a mummy priest
  2776 | D        | Received a gift from Sif Muna
  2782 | D        | Got Sif Muna's Omnibus of the Fifth Circle {god gift}
  2788 | D        | Learned a level 4 spell: Iskenderun's Mystic Blast
  2799 | D        | Killed a mummy priest
  2804 | D        | Identified the +4 chain mail of the Clam {Regen+ Stlth+}
  2899 | D        | Noticed the 27-headed Lernaean hydra
  2916 | D        | Killed the 27-headed Lernaean hydra
  3099 | D        | Noticed a deep elf master archer
  3106 | D        | Killed a deep elf master archer
  3107 | D        | Reached skill level 10 in Shields
  3236 | D        | Identified the +5 whip of the Lettuce {pain, rElec Stlth+}
  3242 | D        | Noticed Lom Lobon
  3472 | D        | Noticed a daeva
  3493 | D        | Killed a daeva
  3658 | D        | Received a gift from Sif Muna
  3659 | D        | Reached XP level 13. HP: 38/67 MP: 21/35
  3662 | D        | Got Dispater's Meditations on Impulse {god gift}
  3786 | D        | Noticed a fire giant
  4080 | D        | Bought a book of Vapours for 260 gold pieces
  4086 | D        | Learned a level 3 spell: Mephitic Cloud
  4092 | D        | Learned a level 5 spell: Irradiate
  4271 | D        | Bought a scroll of blinking for 90 gold pieces
  4274 | D        | Bought a potion of mutation for 88 gold pieces
  4274 | D        | Bought a potion of mutation for 88 gold pieces
  4274 | D        | Lost mutation: You are frail. (-10% HP) [potion of
                  | mutation]
  4274 | D        | Lost mutation: You occasionally lose the ability to read
                  | scrolls when taking damage. [potion of mutation]
  4274 | D        | Lost mutation: You possess an exceptional clarity of mind.
                  | [potion of mutation]
  4274 | D        | Gained mutation: You occasionally lose the ability to read
                  | scrolls when taking damage. [potion of mutation]
  4274 | D        | Gained mutation: You are agile. (Dex +4, Str/Int -1)
                  | [potion of mutation]
  4275 | D        | Lost mutation: You are agile. (Dex +4, Str/Int -1) [potion
                  | of mutation]
  4275 | D        | Lost mutation: You occasionally lose the ability to read
                  | scrolls when taking damage. [potion of mutation]
  4275 | D        | Gained mutation: Potions are less effective at restoring
                  | your health. [potion of mutation]
  4275 | D        | Gained mutation: You sometimes lose your temper in combat.
                  | [potion of mutation]
  4275 | D        | Gained mutation: You are somewhat resistant to further
                  | mutation. [potion of mutation]
  4284 | D        | Bought a potion of resistance for 110 gold pieces
  4284 | D        | Bought a potion of heal wounds for 55 gold pieces
  4284 | D        | Bought a potion of haste for 110 gold pieces
  4284 | D        | Bought a potion of lignification for 33 gold pieces
  4284 | D        | Bought a potion of lignification for 33 gold pieces
  4288 | D        | Bought a potion of magic for 88 gold pieces
  4288 | D        | Bought a potion of curing for 33 gold pieces
  4290 | D        | Bought a scroll of fear for 40 gold pieces
  4293 | D        | Bought a scroll of enchant armour for 90 gold pieces
  4296 | D        | Bought the +7 great mace "Firestarter" {flame, immolate,
                  | rFlCloud rF++} for 712 gold pieces
  4296 | D        | Found the +7 great mace "Firestarter" {flame, immolate,
                  | rFlCloud rF++}
  4297 | D        | Bought 2 scrolls labelled OTARCH PUEL SAL for 50 gold
                  | pieces
  4297 | D        | Bought a fuming puce potion for 22 gold pieces
  4297 | D        | Bought a scroll labelled OTARCH PUEL SAL for 25 gold pieces
  4401 | D        | Noticed a fire giant
  4402 | D        | Noticed a fire giant
  4402 | D        | Noticed a fire giant
  4427 | D        | HP: 4/112 [fire giant/+2 great sword of flaming (11)]
  4428 | D        | Slain by a fire giant

Illustrated notes

Levels and vault maps discovered:
D:        dungeon_sprint_1 [red_sonja_temple_1, red_sonja_temple_small_1]

Skill      XL: |  1  2  3  4  5  6  7  8  9 10 11 12 |
---------------+-------------------------------------+-----
Stealth        | 3 4 5 |  5.1
Spellcasting   | 3 5 6 8 10 12 14 16 17 18 | 18.8
Conjurations   | 2 3 5 7 8 10 11 13 | 13.1
Fire Magic     | 4 6 7 8 10 11 12 13 14 15 | 15.8
Dodging        | 3 4 5 |  5.4
Throwing       | 1 2 |  2.3
Shields        | 4 6 8 10 | 10.3
Hexes          | 1 4 6 |  6.0
Invocations    | 5 8 |  8.5
Fighting       | 1 2 |  2.2
Ice Magic      | 3 7 |  7.1
Earth Magic    | 3 4 |  4.0
Summonings     | 1 2 |  2.1
Air Magic      | 1 |  1.5
Short Blades   | 1 |  1.3

Action                     |  1- 3 |  4- 6 |  7- 9 | 10-12 | 13-15 || total
---------------------------+-------+-------+-------+-------+-------++-------
  Melee: Unarmed           |     7 |       |       |       |       ||     7
         Tentacles         |     2 |       |       |     4 |       ||     6
         Constrict         |     1 |       |       |     2 |       ||     3
         Dagger            |       |       |       |     3 |       ||     3
         Whip              |       |       |       |     1 |       ||     1
  Throw: Dart              |       |       |     2 |     3 |     3 ||     8
   Cast: Scorch            |     2 |     6 |    12 |    48 |       ||    68
         Foxfire           |     2 |     3 |     8 |    58 |       ||    71
         Inner Flame       |       |     1 |     4 |    17 |       ||    22
         Flame Wave        |       |       |     2 |    10 |     1 ||    13
         Starburst         |       |       |       |    18 |       ||    18
         Summon Small Mamm |       |       |       |     4 |       ||     4
         Arcjolt           |       |       |       |     3 |     1 ||     4
         Summon Guardian G |       |       |       |     2 |       ||     2
         Fulminant Prism   |       |       |       |    11 |       ||    11
         Ozocubu's Armour  |       |       |       |     3 |       ||     3
         Metabolic Englaci |       |       |       |     3 |     2 ||     5
         Leda's Unmaking   |       |       |       |     1 |     3 ||     4
         Mephitic Cloud    |       |       |       |       |     3 ||     3
         Iskenderun's Myst |       |       |       |       |     3 ||     3
 Invoke: Channel Magic     |       |       |       |     1 |     1 ||     2
         Forget Spell      |       |       |       |       |     2 ||     2
  Evoke: Wand              |       |       |       |       |     2 ||     2
    Use: Potion            |     2 |       |       |     4 |     6 ||    12
         Scroll            |       |       |     5 |       |     5 ||    10
   Stab: Sleeping          |       |       |       |     1 |       ||     1
 Armour: Skin              |       |       |       |    13 |       ||    13
  Dodge: Dodged            |     4 |     2 |       |    20 |     1 ||    27
  Block: Buckler           |       |       |       |     8 |       ||     8

Table legend: (Time is in decaauts)
 A = Elapsed time spent in this place.
 B = Non-inter-level travel time spent in this place.
 C = Inter-level travel time spent in this place.
 D = Time resting spent in this place.
 E = Time spent auto-exploring this place.
 F = Levels seen in this place.
 G = Mean time per level.
                   A        B        C        D        E       F      G
               +--------+--------+--------+--------+--------+-----+--------+
         Total |   4417 |   4417 |      0 |   2329 |      0 |   1 | 4417.0 |
       Dungeon |   4417 |   4417 |      0 |   2329 |      0 |   1 | 4417.0 |
               +--------+--------+--------+--------+--------+-----+--------+

Top non-repeatable levels by time:
       D: 4417 daAuts
